 Dungeon Crawl Stone Soup version 0.19-a0-1268-g6c5d9f8 (webtiles) character file.

17 tsouns the Vexing (level 2, -1/18 HPs)
             Began as an Octopode Arcane Marksman on Aug 29, 2016.
             Slain by a hound (6 damage)
             ... on level 2 of the Dungeon.
             The game lasted 00:03:35 (1047 turns).

tsouns the Vexing (Octopode Arcane Marksman)        Turns: 1047, Time: 00:03:36

Health: -1/18      AC:  1    Str: 10    XL:     2   Next: 62%
Magic:  0/3        EV: 13    Int: 15    God:
Gold:   53         SH:  0    Dex: 11    Spells: 2 memorised, 0 levels left

rFire  . . .     SeeInvis .     m - +0 hunting sling
rCold  . . .     Gourm    .     (no shield)
rNeg   . . .     Faith    .     (helmet restricted)
rPois  .         Spirit   .     (no amulet)
rElec  .         Dismiss  .     l - +4 ring of slaying
rCorr  .         Reflect  .     h - ring of stealth
MR     .....     Harm     .     (no ring)
Stlth  ++++......               (no ring)
                                (no ring)
                                (no ring)
                                (no ring)
                                (no ring)

@: very slightly contaminated
A: almost no armour, stealthy swim, amphibious, 8 rings, constrict 8, camouflage
1, gelatinous body 1
a: no special abilities


You were on level 2 of the Dungeon.
You were not hungry.

You visited 1 branch of the dungeon, and saw 2 of its levels.

You collected 53 gold pieces.

Inventory:

Hand Weapons
 a - a +0 hand crossbow
 i - a +0 short sword
 m - a +0 hunting sling (weapon)
Missiles
 c - 19 bolts
 g - 16 stones (quivered)
Jewellery
 h - a ring of stealth (right tentacle)
 l - a +4 ring of slaying (left tentacle)
Scrolls
 b - 2 scrolls of remove curse
 f - a scroll of magic mapping {unknown}
 j - a scroll of enchant armour {unknown}
 k - a scroll of identify {unknown}
Books
 e - a book of Debilitation

   Spells                             Type                      Level
   a - Corona                         Hexes                        1
   b - Slow                           Hexes                        2
   c - Gell's Gravitas                Hexes/Translocation          3
   d - Inner Flame                    Hexes/Fire                   3
   e - Cause Fear                     Hexes                        4
   f - Leda's Liquefaction            Hexes/Earth                  4
Comestibles
 d - a bread ration
 n - a chunk of flesh
 p - a meat ration


   Skills:
 - Level 1.0 Fighting
 * Level 3.0 Crossbows
 - Level 2.0 Dodging
 + Level 1.1 Stealth
 - Level 1.0 Spellcasting
 - Level 3.0 Hexes


You couldn't memorise any spells.
You knew the following spells:

 Your Spells              Type           Power        Failure   Level  Hunger
a - Corona                Hex            #......      10%         1    ##.....
b - Slow                  Hex            #.......     12%         2    ###....


Dungeon Overview and Level Annotations

Branches:
Dungeon (2/15)

Altars:


Innate Abilities, Weirdness & Mutations

You cannot wear most types of armour.
You are very stealthy in the water.
You are amphibious.
You can wear up to eight rings at the same time.
You can use your tentacles to constrict eight enemies at once.
Your skin changes colour to match your surroundings (Stealth+).
Your rubbery body absorbs attacks. (AC +1, EV +1)


Message History

The hound closely misses you.
Casting: Slow
Confirm with . or Enter, or press ? or * to list all spells.
Aiming: Slow
Press: ? - help, Shift-Dir - straight line, f - hound, p - hound
Aim: a hound (chance to defeat MR: 52%)
You miscast Slow.
You are very lightly contaminated with residual magic.
Nothing appears to happen.
The hound bites you. The hound barely misses you.
As you read the scroll labeled NAVOUXZERI, it crumbles to dust.
You feel blessed for a moment.
It was a scroll of remove curse.
The hound bites you.
* * * LOW HITPOINT WARNING * * *
The hound barely misses you.
It was a potion of curing.
You feel better. The hound barely misses you. The hound barely misses you.
The hound bites you.
* * * LOW HITPOINT WARNING * * *
The hound closely misses you. The hound bites you.
You die...

#. #.# #. ###.# #.# #.
.... ... ###..##.#
############### .....#.#
#....#..)..)...
##..#.###.##.#.##.##.##
#.........##.#.##..#..#
#.#†..######.#........#
#...@h...#<#........#
#....h...###..≈≈≈≈...
..............###.÷≈≈≈≈8..
.#######>....g.....≈≈≈≈...
##.....###........#
#.....# ##......## #######
########


You could see 2 hounds and a gnoll.

Vanquished Creatures
  6 hobgoblins
  A bat (D:2)
  A giant newt (D:1)
  5 kobolds
  5 rats (D:1)
18 creatures vanquished.

Notes
Turn   | Place    | Note
-------+----------+-------------------------------------------
     0 | D:1      | tsouns the Octopode Arcane Marksman began the quest for the Orb.
     0 | D:1      | Reached XP level 1. HP: 13/13 MP: 2/2
   377 | D:1      | Reached XP level 2. HP: 11/18 MP: 3/3
   900 | D:2      | Learned a level 2 spell: Slow
   931 | D:2      | Reached skill level 1 in Stealth
  1047 | D:2      | Slain by a hound

Vault maps used:
D:1:      dpeg_arrival_arbitrary_b, hex_medium, glass_columns_a
D:2:      first_bread, hangedman_abyss_or_decor_stabs, serial_park_tiny_pond,
          cheibrodos_gnoll_hut, uniq_robin

Skill      XL: |  1  2 |
---------------+-------+-----
Stealth        | 1 |  1.1
Crossbows      | 3 |  3.0
Fighting       | |  1.0
Dodging        | |  2.0
Spellcasting   | |  1.0
Hexes          | |  3.0

Action                   || total
-------------------------++-------
Melee: Short sword       ||     4
       Constrict         ||     1
       Tentacles         ||     1
 Fire: Hand crossbow     ||    26
       Hunting sling     ||    12
 Cast: Slow              ||     1
  Use: Scroll            ||     1
       Potion            ||     1
Dodge: Dodged            ||    20
